 Dungeon Crawl Stone Soup version 0.19.1 (webtiles) character file.

99521 MrSledge the Peltast (level 16, -7/201 HPs)
             Began as a Formicid Fighter on Dec 6, 2016.
             Was the Champion of Okawaru.
             Mangled by MrSledge's illusion (24 damage)
             ... woven by Mara
             ... on level 3 of the Spider Nest.
             The game lasted 01:41:52 (22956 turns).

MrSledge the Peltast (Formicid Fighter)            Turns: 22956, Time: 01:41:55

Health: -7/201     AC: 28    Str: 26    XL:     16   Next: 76%
Magic:  23/23      EV:  2    Int: 10    God:    Okawaru [******]
Gold:   1378       SH:  0    Dex: 15    Spells: 0 memorised, 15 levels left

rFire  . . .     SeeInvis .     y - +5 battleaxe (flame)
rCold  . . .     Gourm    .     (armour currently unavailable)
rNeg   + + +     Faith    .     W - +2 large shield {reflect}
rPois  +         Spirit   .     (helmet unavailable)
rElec  .         Reflect  +     (cloak currently unavailable)
rCorr  .         Harm     .     (gloves currently unavailable)
MR     +....                    (boots currently unavailable)
Stlth  +.........               I - +5 amulet of reflection
                                a - +3 ring of dexterity
                                M - +1 ring of evasion

@: confused, lethally poisoned (-7 -> -15), tree-form, heroism
A: permanent stasis, dig shafts and tunnels, four strong arms, (antennae 0),
(talons 0), (iridescent scales 0), agile 1, (fire resistance 0), (shaggy fur 0),
wild magic 1, MP-powered wands
a: Heroism, Finesse, Renounce Religion


You were on level 3 of the Spider Nest.
You worshipped Okawaru.
Okawaru was exalted by your worship.
You were not hungry.
You were a tree.
You visited 4 branches of the dungeon, and saw 20 of its levels.
You also visited: Sewer and Volcano.

You collected 1378 gold pieces.

Inventory:

Hand Weapons
 d - a +2 executioner's axe of chopping
 y - a +5 battleaxe of flaming (weapon)
 N - a +4 vampiric battleaxe
Armour
 l - a +1 plate armour of fire resistance (melded)
 q - a +0 cloak of poison resistance (melded)
 K - a +0 pair of boots (melded)
 U - a +0 pair of gloves (melded)
 W - a +2 large shield of reflection (worn)
Jewellery
 a - a +3 ring of dexterity (right branch)
 I - a +5 amulet of reflection (around neck)
 M - a +1 ring of evasion (left branch)
 S - a +3 amulet of reflection
Wands
 c - a wand of digging (6/24)
 k - a wand of confusion (20/48)
 m - a wand of iceblast (9/15)
 s - a wand of flame (20/48)
 w - a wand of digging (17/24)
 G - a wand of lightning (6/15)
 J - a wand of iceblast (8/15)
 R - a wand of iceblast (3/15)
 V - a wand of iceblast (5/15)
 Z - a wand of acid (7/15)
Scrolls
 b - a scroll of magic mapping
 i - a scroll of silence
 n - a scroll of enchant armour
 o - 4 scrolls of recharging
 r - 5 scrolls of remove curse
 x - 5 scrolls of enchant weapon
 B - a scroll of fog
 C - a scroll of fear
 F - 5 scrolls of identify
 Q - a scroll of holy word
Potions
 g - 2 potions of resistance
 p - 3 potions of curing
 t - 3 potions of magic
 u - 2 potions of agility
 z - 2 potions of lignification
 E - a potion of cure mutation
 O - 2 potions of might
 Y - 2 potions of brilliance
Books
 D - a book of Necromancy

   Spells                             Type                      Level
   a - Pain                           Necromancy                   1
   b - Animate Skeleton               Necromancy                   1
   c - Vampiric Draining              Necromancy                   3
   d - Regeneration                   Charms/Necromancy            3
   e - Animate Dead                   Necromancy                   4
   f - Control Undead                 Necromancy                   4
Miscellaneous
 X - a disc of storms
Comestibles
 f - 8 bread rations
 h - 13 meat rations
 j - 21 fruits
 v - 5 slices of pizza
 A - 7 beef jerkies
 H - 7 chunks of flesh
 P - 2 royal jellies


   Skills:
 * Level 14.5(19.5) Fighting
 * Level 13.2(18.2) Axes
 * Level 14.5(19.5) Armour
 * Level 15.4(20.4) Shields
 + Level 9.4 Invocations


You had 15 spell levels left.
You didn't know any spells.

Dungeon Overview and Level Annotations

Branches:
Dungeon (14/15)            Temple (1/1) D:4            Lair (2/6) D:10
 Spider (3/4) Lair:2          Orc (0/2) D:9          Vaults (0/5) D:13
  Swamp: Lair:2-4    Shoals: Lair:2-4

Altars:
Ashenzari
Cheibriados
Dithmenos
Fedhas
Gozag
Hepliaklqana
Kikubaaqudgha
Makhleb
Okawaru
Trog
Uskayaw
Yredelemnul
Zin
The Shining One

Shops:
D:5 (   D:10 %

Annotations:
Lair:2 exclusion: ice statue
Spider:3 Mara


Innate Abilities, Weirdness & Mutations

You are under a permanent stasis effect.
You can dig through walls and to a lower floor.
Your four strong arms can wield two-handed weapons with a shield.
((You have a pair of large antennae on your head. (SInv)))
((You have sharp toenails.))
((You are partially covered in iridescent scales. (AC +2)))
You are agile. (Dex +2)
((Your flesh is very heat resistant. (rF++)))
((You are covered in fur. (AC +1)))
Your spells are a little harder to cast, but a little more powerful.
You expend magic power (3 MP) to strengthen your wands.


Message History

MrSledge's illusion hits you!
* * * LOW HITPOINT WARNING * * *
MrSledge's illusion burns you.
* * * LOW HITPOINT WARNING * * *
Unknown command.
You cannot move. (Use ctrl+direction to attack without moving.)
You slice the wolf spider!! You burn the wolf spider.
The wolf spider is heavily wounded.
You closely miss MrSledge's illusion.
You feel sick.
The wolf spider hits you but does no damage.
The wolf spider bites you.
* * * LOW HITPOINT WARNING * * *
Mara blinks!
The jumping spider leaps!
Mara says, "Entranced by some poetic flight, are you?"
Mara gestures at you. The bolt of fire hits you!
* * * LOW HITPOINT WARNING * * *
The bolt of fire hits MrSledge's illusion.
MrSledge's illusion completely resists.
MrSledge's illusion hits you!!
You die...

...# #.....###### .§..#
##..^##... ....####
#....#... ...^.##
#....#...## {
#...#####^..###..####
#.....#...^.##..#..#
##...§##.#...#......
#.@ss^####.^.##..#††
#####♣^^###[^..##.^^†.
#§....R....†|^^##..###
....^.s.R...^.^##......#
....####.......#.......#
##. ###.^.......)###. #
#...^^.....#^..
#...............
#..^...#....##.#.
#......####...###


You could see 2 Maras, an emperor scorpion, a wolf spider, a jumping spider and
MrSledge's illusion.

Vanquished Creatures
  Arachne (Spider:3)
  Gastronok (D:11)
  Kirke (D:13)
  3 ghost moths
  A red draconian (Volcano)
  Erolcha (D:12)
  Harold (Lair:2)
  3 centaur warriors (D:13)
  3 tengu warriors
  An ogre mage (D:13)
  Sonja (Lair:1)
  A salamander mystic (Volcano)
  6 skeletal warriors (D:13)
  2 unseen horrors
  2 hill giants
  10 orb spiders
  A deep elf mage (D:13)
  15 wolf spiders
  3 ugly things
  5 salamanders (Volcano)
  A moth of wrath (Spider:2)
  A manticore (D:11)
  2 gargoyles
  A black mamba (Lair:1)
  A torpor snail (Spider:1)
  2 spiny frogs
  2 rime drakes (D:13)
  12 demonic crawlers
  A yaktaur (D:13)
  3 komodo dragons (Lair:1)
  2 tengu conjurers (D:12)
  A merfolk (D:9)
  6 trolls
  2 two-headed ogres
  8 hornets
  A polar bear (Lair:2)
  The ghost of HeyBub the Covered, an amateur HuFi (D:4)
  11 jumping spiders
  3 slime creatures (D:12)
  6 hippogriffs
  26 redbacks
  12 tarantellas
  A wyvern (Lair:2)
  31 yaks
  2 shadows
  A wraith (D:10)
  2 hogs (D:13)
  A vampire (D:9)
  2 basilisks
  Grum (D:9)
  Menkaure (D:5)
  2 mottled dragons
  Edmund (D:5)
  4 wargs
  A water moccasin (Lair:2)
  9 porcupines
  4 orc warriors
  8 sky beasts
  7 ice beasts
  6 black bears
  A phantom (D:6)
  11 ogres
  10 centaurs
  7 crocodiles
  10 wolves
  7 big kobolds (Sewer)
  8 bullfrogs
  Blork the orc (D:5)
  2 wyvern skeletons (D:13)
  5 scorpions
  A water moccasin skeleton (D:9)
  6 killer bees (D:8)
  11 wights
  2 howler monkeys
  An electric eel (Spider:2)
  4 crimson imps
  A bullfrog zombie (D:12)
  5 hounds
  A gnoll shaman (D:7)
  A quasit (D:10)
  12 orc priests
  7 centaur skeletons
  A jelly (D:7)
  5 orc wizards
  2 iguanas
  Natasha (thrice) (D:3 D:5)
  22 worker ants
  A hound zombie (D:10)
  A hound skeleton (D:5)
  7 gnolls
  A howler monkey skeleton (D:4)
  15 adders
  2 river rats
  4 shadow imps
  3 white imps (Lair:2)
  5 oozes
  2 adder skeletons
  2 adder zombies
  9 worms
  A dart slug (D:1)
  8 leopard geckos
  38 orcs
  3 ball pythons
  12 giant cockroaches
  5 goblins
  12 hobgoblins
  8 jackals
  8 quokkas
  8 bats
  3 frilled lizards
  16 kobolds
  A leopard gecko zombie (D:6)
  A quokka skeleton (D:6)
  A quokka zombie (D:5)
  15 rats
  2 fungi
  2 plants
594 creatures vanquished.

Vanquished Creatures (others)
  A cyclops (D:13)
  A yaktaur (D:13)
  A jumping spider (Spider:2)
  4 humans (D:13)
  3 centaurs
10 creatures vanquished.

Grand Total: 604 creatures vanquished

Notes
Turn   | Place    | Note
-------+----------+-------------------------------------------
     0 | D:1      | MrSledge the Formicid Fighter began the quest for the Orb.
     0 | D:1      | Reached XP level 1. HP: 18/18 MP: 1/1
    48 | D:1      | Reached XP level 2. HP: 24/24 MP: 2/2
   409 | D:1      | Reached XP level 3. HP: 30/30 MP: 3/3
   627 | D:2      | Reached skill level 4 in Shields
  1052 | D:2      | Reached XP level 4. HP: 37/37 MP: 4/4
  1514 | D:3      | Noticed Natasha
  1520 | D:3      | Killed Natasha
  1520 | D:3      | Reached XP level 5. HP: 37/42 MP: 5/5
  2286 | D:4      | Noticed HeyBub's ghost (amateur HuFi)
  2309 | D:4      | Killed HeyBub's ghost
  2309 | D:4      | Reached skill level 5 in Armour
  2309 | D:4      | Reached skill level 5 in Shields
  2309 | D:4      | Reached XP level 6. HP: 43/50 MP: 6/6
  2309 | D:4      | Reached XP level 7. HP: 48/55 MP: 7/7
  2870 | D:4      | Found a staircase to the Ecumenical Temple.
  2879 | Temple   | Entered the Ecumenical Temple
  2907 | Temple   | Became a worshipper of Warmaster Okawaru
  3091 | D:5      | Entered Level 5 of the Dungeon
  3113 | D:5      | Noticed Natasha
  3122 | D:5      | Killed Natasha
  3122 | D:5      | Reached skill level 5 in Fighting
  3173 | D:5      | Found a glowing drain.
  3196 | Sewer    | Entered a sewer
  3522 | Sewer    | Reached skill level 6 in Shields
  3546 | Sewer    | Reached XP level 8. HP: 60/63 MP: 8/8
  3582 | Sewer    | Reached * piety under Okawaru
  3950 | D:5      | Noticed Menkaure
  3960 | D:5      | Killed Menkaure
  4118 | D:5      | Noticed Blork the orc
  4136 | D:5      | Killed Blork the orc
  4136 | D:5      | Reached skill level 7 in Shields
  4236 | D:5      | Reached skill level 5 in Axes
  4238 | D:5      | Noticed Edmund
  4261 | D:5      | Killed Edmund
  4405 | D:5      | Found Uwiwn's Antique Weapon Shop.
  4407 | D:5      | Noticed a yak
  4408 | D:5      | Noticed a yak
  4409 | D:5      | Noticed a yak
  4409 | D:5      | Noticed a yak
  4417 | D:5      | Noticed a yak
  4418 | D:5      | Noticed Natasha
  4423 | D:5      | You fall through a shaft for 2 floors!
  4671 | D:7      | Reached XP level 9. HP: 63/71 MP: 9/9
  4768 | D:6      | Reached ** piety under Okawaru
  5000 | D:6      | Gained mutation: You expend magic power (3 MP) to strengthen your wands. [mutagenic meat]
  5001 | D:6      | Gained mutation: You are weak. (Str -2) [mutagenic meat]
  5002 | D:6      | Gained mutation: You have sharp toenails. [mutagenic meat]
  5088 | D:6      | Reached skill level 8 in Shields
  5388 | D:6      | Gained mutation: Scrolls take you a little longer to read. [potion of mutation]
  5388 | D:6      | Gained mutation: Scrolls take you longer to read. [potion of mutation]
  5388 | D:6      | Gained mutation: Your magical capacity is low. (-10% MP) [potion of mutation]
  5824 | D:6      | Found a snail-covered altar of Cheibriados.
  5848 | D:6      | Gained mutation: You are dopey. (Int -2) [mutagenic meat]
  5849 | D:6      | Gained mutation: You possess an exceptional clarity of mind. [mutagenic meat]
  5850 | D:6      | Gained mutation: Your flesh is heat resistant. (rF+) [mutagenic meat]
  5851 | D:6      | Gained mutation: You are agile. (Dex +2) [mutagenic meat]
  6151 | D:5      | Killed Natasha
  6180 | D:5      | Reached *** piety under Okawaru
  6193 | D:5      | Reached XP level 10. HP: 20/80 MP: 9/9
  6195 | D:5      | HP: 3/80 [yak (8)]
  6729 | D:5      | Reached skill level 9 in Shields
  7711 | D:7      | Reached **** piety under Okawaru
  8464 | D:8      | Reached skill level 1 in Invocations
  8968 | D:8      | Reached XP level 11. HP: 65/89 MP: 11/11
  9214 | D:8      | Reached skill level 10 in Shields
  9677 | D:9      | Noticed a hill giant
  9688 | D:9      | Killed a hill giant
  9688 | D:9      | Reached ***** piety under Okawaru
  9728 | D:9      | Noticed Grum
  9746 | D:9      | Killed Grum
  9757 | D:9      | Received a gift from Okawaru
  9991 | D:9      | Found a staircase to the Orcish Mines.
 10108 | D:9      | Reached skill level 10 in Fighting
 10528 | D:9      | Lost mutation: You are weak. (Str -2) [mutagenic meat]
 10530 | D:9      | Lost mutation: Scrolls take you longer to read. [mutagenic meat]
 10531 | D:9      | Gained mutation: Your spells are a little harder to cast, but a little more powerful. [mutagenic meat]
 10834 | D:9      | Lost mutation: You possess an exceptional clarity of mind. [mutagenic meat]
 10835 | D:9      | Gained mutation: Armour fits poorly on your strangely shaped body. [mutagenic meat]
 10878 | D:9      | Reached skill level 11 in Shields
 10888 | D:9      | Received a gift from Okawaru
 10963 | D:10     | Entered Level 10 of the Dungeon
 11217 | D:10     | Reached skill level 10 in Armour
 11241 | D:10     | Found a staircase to the Lair.
 12140 | D:10     | Reached XP level 12. HP: 87/98 MP: 11/13
 12241 | D:10     | Found Fets's Food Shop.
 12339 | D:10     | Found a runed door.
 12347 | D:10     | Found a runed door.
 12683 | D:11     | Noticed Gastronok
 12710 | D:11     | Killed Gastronok
 13660 | D:11     | Reached skill level 5 in Invocations
 13676 | D:11     | You fall through a shaft for 3 floors!
 13908 | D:13     | Found a shadowy altar of Dithmenos.
 13951 | D:14     | Reached skill level 10 in Axes
 14335 | D:13     | Noticed Kirke
 14357 | D:13     | Noticed a sphinx
 14364 | D:13     | Reached skill level 12 in Shields
 14367 | D:13     | Killed Kirke
 14540 | D:13     | Noticed an unseen horror
 14568 | D:13     | Killed an unseen horror
 14585 | D:13     | Noticed a skeletal warrior
 14586 | D:13     | Reached XP level 13. HP: 74/106 MP: 13/15
 14595 | D:13     | Noticed a centaur warrior
 14609 | D:13     | Killed a centaur warrior
 16014 | D:12     | Noticed Erolcha
 16044 | D:12     | Killed Erolcha
 16044 | D:12     | Received a gift from Okawaru
 16044 | D:12     | Reached skill level 13 in Shields
 16707 | D:13     | Reached XP level 14. HP: 84/116 MP: 14/17
 16910 | D:13     | Found a gate to the Vaults.
 17046 | D:13     | Gained mutation: Your system is resistant to poisons. (rPois) [mutagenic meat]
 17047 | D:13     | Lost mutation: Your system is resistant to poisons. (rPois) [mutagenic meat]
 17049 | D:13     | Gained mutation: You are partially covered in molten scales. (AC +2) [mutagenic meat]
 17113 | D:13     | Gained mutation: Your flesh is very heat resistant. (rF++) [mutagenic meat]
 17654 | D:13     | Gained mutation: You are very agile. (Dex +4) [mutagenic meat]
 17655 | D:13     | Gained mutation: You are partially covered in iridescent scales. (AC +2) [mutagenic meat]
 17657 | D:13     | Gained mutation: Your muscles are strong. (Str +2) [mutagenic meat]
 18475 | Lair:1   | Entered Level 1 of the Lair of Beasts
 18563 | Lair:1   | Noticed Sonja
 18574 | Lair:1   | Killed Sonja
 19010 | Lair:1   | Found a dark tunnel.
 19015 | Volcano  | Entered a volcano
 19021 | Volcano  | Identified 2 scrolls of acquirement
 19047 | Volcano  | Received a gift from Okawaru
 19055 | Volcano  | Reached skill level 14 in Shields
 19193 | Volcano  | Noticed a red draconian
 19212 | Volcano  | Killed a red draconian
 19886 | Lair:2   | Reached ****** piety under Okawaru
 20060 | Lair:2   | Noticed Harold
 20121 | Lair:2   | Killed Harold
 20364 | Lair:2   | Found a hole to the Spider Nest.
 20576 | Spider:1 | Entered Level 1 of the Spider Nest
 20597 | Spider:1 | Received a gift from Okawaru
 20620 | Spider:1 | Reached XP level 15. HP: 124/124 MP: 19/19
 20881 | Spider:1 | Lost mutation: You are very agile. (Dex +4) [potion of cure mutation]
 20881 | Spider:1 | Lost mutation: Scrolls take you a little longer to read. [potion of cure mutation]
 20881 | Spider:1 | Lost mutation: Your muscles are strong. (Str +2) [potion of cure mutation]
 20881 | Spider:1 | Lost mutation: You are dopey. (Int -2) [potion of cure mutation]
 20881 | Spider:1 | Lost mutation: You are partially covered in molten scales. (AC +2) [potion of cure mutation]
 20896 | Spider:1 | Reached XP level 16. HP: 132/132 MP: 20/20
 21530 | Spider:2 | Reached skill level 15 in Shields
 21534 | Spider:2 | Received a gift from Okawaru
 22535 | Spider:3 | Lost mutation: Armour fits poorly on your strangely shaped body. [mutagenic meat]
 22536 | Spider:3 | Lost mutation: Your magical capacity is low. (-10% MP) [mutagenic meat]
 22537 | Spider:3 | Gained mutation: You are covered in fur. (AC +1) [mutagenic meat]
 22838 | Spider:3 | Noticed Arachne
 22860 | Spider:3 | Killed Arachne
 22864 | Spider:3 | Received a gift from Okawaru
 22923 | Spider:3 | Noticed Mara
 22929 | Spider:3 | Noticed MrSledge's illusion
 22956 | Spider:3 | Mangled by MrSledge's illusion

Skill      XL: |  1  2  3  4  5  6  7  8  9 10 11 12 13 14 15 16 |
---------------+-------------------------------------------------+-----
Shields        | 4 5 6 7 8 9 11 12 13 14 15 | 15.4
Fighting       | 4 5 6 8 9 10 11 12 13 14 | 14.5
Armour         | 4 5 6 7 9 10 11 12 13 14 | 14.5
Axes           | 3 4 5 6 7 9 10 11 12 13 | 13.2
Invocations    | 1 4 5 7 8 9 |  9.4

Action                   |  1- 3 |  4- 6 |  7- 9 | 10-12 | 13-15 | 16-18 || total
-------------------------+-------+-------+-------+-------+-------+-------++-------
Melee: War axe           |    90 |   119 |   452 |   931 |   571 |       ||  2163
       Kick              |       |       |    37 |    32 |       |       ||    69
       Flail             |       |       |       |       |    43 |       ||    43
       Battleaxe         |       |       |       |       |   217 |   239 ||   456
       Executioner's axe |       |       |       |       |    13 |       ||    13
Throw: Tomahawk          |       |       |       |     3 |       |       ||     3
       Javelin           |       |       |       |       |     2 |       ||     2
Invok: Heroism           |       |       |     4 |    23 |    12 |     4 ||    43
 Abil: Dig               |       |     1 |     1 |       |       |       ||     2
       Shaft Self        |       |       |     1 |       |       |       ||     1
  Use: Potion            |       |       |     8 |       |     3 |     7 ||    18
       Scroll            |       |       |     6 |    13 |    15 |     1 ||    35
  Eat: Chunk             |       |     5 |    13 |    31 |    31 |    11 ||    91
       Bread ration      |       |       |     2 |     1 |     1 |     1 ||     5
Armor: Scale mail        |    43 |    50 |     2 |       |       |       ||    95
       Chain mail        |       |       |   156 |    57 |       |       ||   213
       Plate armour      |       |       |       |   271 |   188 |   202 ||   661
       Skin              |       |       |       |       |       |     9 ||     9
Dodge: Dodged            |    32 |    46 |    93 |   184 |   134 |   109 ||   598
Block: Shield            |    46 |    63 |   222 |   824 |   153 |       ||  1308
       Reflection        |       |       |       |     9 |    31 |     1 ||    41
       Large shield      |       |       |       |       |   778 |   480 ||  1258
